 Dungeon Crawl Stone Soup version 0.29.0-4-gdea44cf6ec (webtiles) character file.

Game seed: 13488373558923816179

140 qw the Chopper (level 5, -1/32 HPs)
             Began as a Gargoyle Fighter on Sept 8, 2022.
             Slain by Terence
             ... wielding a +0 flail
              (5 damage)
             ... on level 3 of the Dungeon.
             The game lasted 00:01:03 (2232 turns).

qw the Chopper (Gargoyle Fighter)                   Turns: 2232, Time: 00:01:04

Health: -1/32      AC: 13    Str: 22    XL:     5   Next: 22%
Magic:  5/5        EV:  9    Int:  8    God:
Gold:   58         SH:  4    Dex:  9    Spells: 4/4 levels left

rFire   . . .      SeeInvis .   Y - +1 war axe
rCold   . . .      Faith    .   c - +0 buckler
rNeg    + . .      Spirit   .   b - +0 scale mail
rPois   inf        Reflect  .   a - +0 helmet
rElec   +          Harm     .   (no cloak)
rCorr   .          Rampage  .   f - +0 pair of gloves
Will    .....                   (no boots)
Stlth   ..........              (no amulet)
HPRegen 0.10/turn               (no ring)
MPRegen 0.09/turn               (no ring)

@: no status effects
A: sickness immunity, AC +4, negative energy resistance 1, electricity
resistance, torment resistance 1, petrification resistance
a: no special abilities


You were on level 3 of the Dungeon.
You visited 1 branch of the dungeon, and saw 3 of its levels.

You collected 58 gold pieces.


Innate Abilities, Weirdness & Mutations

You are immune to sickness and miasma.
Your stone body is resilient. (AC +4)
You are immune to poison.
You resist negative energy. (rN+)
You are resistant to electric shocks. (rElec)
You are resistant to unholy torment.
You are immune to petrification.


   Skills:
 - Level 3.2 Fighting
 + Level 4.8 Axes
 - Level 3.2 Armour
 - Level 3.2 Shields


You had 4 spell levels left.
You didn't know any spells.
Your spell library was empty.

Inventory:

Hand Weapons
 i - a +4 mace
 Y - a +1 war axe (weapon)
Armour
 a - a +0 helmet (worn)
 b - a +0 scale mail (worn)
 c - a +0 buckler (worn)
 f - a +0 pair of gloves (worn)
 h - a +0 pair of boots
Scrolls
 e - a scroll of enchant armour {unknown}
Potions
 d - a potion of might
 g - a potion of lignification

Dungeon Overview and Level Annotations

Branches:
Dungeon (3/15)

Altars:

Shops:
D:1 [

Annotations:
D:3 Terence


Message History

The endoplasm is heavily wounded.
The endoplasm hits you but does no damage.
You slash the endoplasm!
You kill the endoplasm!
Found a Trismegistus Codex.
h - a +0 pair of boots Terence the Incautious comes into view.
He is wielding a +0 flail.
Terence shouts!
You closely miss Terence. Terence misses you. Terence hits you with a +0 flail.
You closely miss Terence. Terence hits you but does no damage.
You hit Terence.
Terence is lightly wounded.
Terence hits you with a +0 flail.
You barely miss Terence.
Terence is lightly wounded.
Terence hits you with a +0 flail. x2
You hit Terence but do no damage.
Terence is lightly wounded.
Terence hits you with a +0 flail.
You hit Terence but do no damage.
Terence is lightly wounded.
Terence hits you with a +0 flail!
You slash Terence!
Terence is heavily wounded.
Terence hits you but does no damage.
You closely miss Terence.
Terence is heavily wounded.
Terence misses you. Terence barely misses you.
You hit Terence.
Terence is severely wounded.
Terence barely misses you.
You hit Terence.
Terence is almost dead.
Terence closely misses you.
You hit Terence but do no damage.
Terence is almost dead.
Terence hits you with a +0 flail.
You die...

###### #....# #....#
##....# ########
#.....# .......#
#.....#
.......#######.....#
.......#........@..#
.).....#......###@##
.......#......# .#
...)...#......# ..
..<....#.##.#.# #.#
...)...#.##...# .#
.........###..: .#
##....#### ..## .#
#.).... ....


You could see Terence.

Vanquished Creatures
  Natasha (twice) (D:2)
  Robin (D:2)
  An adder (D:2)
  4 dart slugs (D:1)
  3 orcs
  4 endoplasms
  A giant cockroach (D:1)
  7 hobgoblins
  3 kobolds (D:1)
  2 quokkas
  5 ball pythons
  3 bats
  4 frilled lizards
  13 goblins
  6 rats
59 creatures vanquished.

Vanquished Creatures (others)
  5 plants (D:1)
5 creatures vanquished.

Grand Total: 64 creatures vanquished

Notes
Turn   | Place    | Note
-------+----------+-------------------------------------------
     0 | D:1      | qw the Gargoyle Fighter began the quest for the Orb.
     0 | D:1      | Reached XP level 1. HP: 14/14 MP: 1/1
     0 | D:1      | 0 ||| qw: Version: 0.1-a-112-g44dc6cd
     0 | D:1      | 0 ||| qw: Game counter: 6852
     0 | D:1      | 0 ||| qw: Always use a shield: true
     0 | D:1      | 0 ||| qw: God list: Okawaru
     0 | D:1      | 0 ||| qw: Allow faded altars: false
     0 | D:1      | 0 ||| qw: Do Orc after D:15 true
     0 | D:1      | 0 ||| qw: Do second Lair branch before Depths: true
     0 | D:1      | 0 ||| qw: Lair rune preference: random
     0 | D:1      | 0 ||| qw: Plans: Normal, Zot, God:TSO, Crypt, Tomb, Zig,
                  | Orb
     0 | D:1      | 0 ||| PLANNING D:1-11
    15 | D:1      | Found Vorch's Armour Shop.
    22 | D:1      | 22 ||| SHOPLISTING +0 pair of boots (49 gold, have 6).
    22 | D:1      | 22 ||| SHOPLISTING +1 plate armour of fire resistance (385
                  | gold, have 6).
    76 | D:1      | Reached skill level 2 in Axes
   169 | D:1      | Reached XP level 2. HP: 19/19 MP: 2/2
   645 | D:1      | 645 ||| Stepping ~*~*~tactically~*~*~ (hiding).
   667 | D:1      | Found a faded altar of an unknown god.
   806 | D:1      | Reached skill level 3 in Axes
   836 | D:1      | Reached XP level 3. HP: 23/23 MP: 3/3
  1096 | D:1      | 1096 ||| UPGRADING to +0 pair of gloves.
  1101 | D:1      | 1101 ||| DROPPING amulet of faith.
  1102 | D:1      | 1102 ||| READING scroll labelled JITRICKEGG.
  1103 | D:1      | 1103 ||| READING scroll labelled QAIJAU TUOCSAY.
  1104 | D:1      | 1104 ||| DRINKING 2 bubbling puce potions.
  1105 | D:1      | 1105 ||| DROPPING potion of brilliance.
  1212 | D:2      | Noticed Robin
  1234 | D:2      | HP: 3/23 [goblin/+0 club[Robin] (4)]
  1241 | D:2      | Killed Robin
  1242 | D:2      | Reached XP level 4. HP: 4/28 MP: 4/4
  1600 | D:2      | 1600 ||| Stepping ~*~*~tactically~*~*~ (hiding).
  1652 | D:2      | Reached skill level 4 in Axes
  1675 | D:2      | Noticed Natasha
  1678 | D:2      | Killed Natasha
  1858 | D:2      | Noticed Natasha
  1859 | D:2      | 1859 ||| Stepping ~*~*~tactically~*~*~ (hiding).
  1860 | D:2      | 1860 ||| Stepping ~*~*~tactically~*~*~ (hiding).
  1867 | D:2      | Killed Natasha
  1868 | D:2      | Reached XP level 5. HP: 23/32 MP: 5/5
  2085 | D:2      | 2085 ||| UPGRADING to +0 helmet.
  2090 | D:2      | 2090 ||| READING scroll labelled CAKHLE EZIUHUBE.
  2091 | D:2      | 2091 ||| DRINKING 2 lumpy sapphire potions.
  2124 | D:2      | 2124 ||| DRINKING 2 glowing purple potions.
  2125 | D:2      | 2125 ||| DROPPING potion of flight.
  2151 | D:3      | 2151 ||| STAIRDANCE
  2203 | D:3      | 2203 ||| Stepping ~*~*~tactically~*~*~ (stealth).
  2221 | D:3      | Noticed Terence
  2227 | D:3      | HP: 4/32 [Terence/+0 flail (7)]
  2232 | D:3      | Slain by Terence

Levels and vault maps discovered:
D:1:      evilmike_arrival_plus, layout_basic,
          shapermc_ecumenical_altar_acropolis, serial_shops, shop_fountains,
          glass_columns_c, serial_bayou_lagoon_a, kennysheep_pointless_box
D:2:      layout_basic, uniq_natasha, uniq_robin
D:3:      layout_rooms, mainiacjoe_overflow_boulevard,
          mainiacjoe_overflow_small_starburst, minivault_27, uniq_terence

Skill      XL: |  1  2  3  4 |
---------------+-------------+-----
Axes           | 2 3 4 |  4.8
Fighting       | |  3.2
Armour         | |  3.2
Shields        | |  3.2

Action                   |  1- 3 |  4- 6 || total
-------------------------+-------+-------++-------
Melee: War axe           |   115 |    59 ||   174
  Use: Scroll            |     2 |     1 ||     3
       Potion            |     1 |     2 ||     3
Armor: Scale mail        |    68 |    27 ||    95
Dodge: Dodged            |    55 |    23 ||    78
Block: Buckler           |    31 |     9 ||    40

Table legend:
 A = Non-vault XP
 B = Vault XP
 C = Vault XP percentage of total XP
 D = Non-vault monster count
 E = Vault monster count
 F = Vault count percentage of total count
                 A         B        C        D         E       F
            +---------+---------+-------+---------+---------+-------
      Total |     128 |      72 |  36.0 |      45 |      14 |  23.7
            +---------+---------+-------+---------+---------+-------
        D:1 |      49 |       0 |   0.0 |      26 |       0 |   0.0
        D:2 |      71 |      72 |  50.3 |      16 |      14 |  46.7
        D:3 |       8 |       0 |   0.0 |       3 |       0 |   0.0
            +---------+---------+-------+---------+---------+-------
